 Dungeon Crawl Stone Soup version 0.31.0-11-ge490571c62 (webtiles) character file.

Game seed: 17359830175394077227

2076 Daunt the Caller (level 9, 0/54 HPs)
             Began as a Gargoyle Summoner on Jan 28, 2024.
             Killed from afar by a manticore (20 damage)
             ... with a volley of spikes
             ... on level 8 of the Dungeon.
             The game lasted 00:28:28 (5348 turns).

Daunt the Caller (Gargoyle Summoner)                Turns: 5348, Time: 00:28:28

Health: 0/54       AC: 10    Str: 13    XL:     9   Next: 26%
Magic:  11/17      EV: 11    Int: 28    God:
Gold:   344        SH:  0    Dex: 10    Spells: 9/19 levels left

rFire   . . .        B - +0 morningstar "Iperur" {freeze, ^Fragile rElec rC+ Int+9}
rCold   + + .        (no shield)
rNeg    + . .        H - +0 leather armour {rC+}
rPois   ∞            (no helmet)
rElec   +            o - +0 cloak
rCorr   .            (no gloves)
SInv    .            (no boots)
Will    .....        e - amulet of magic regeneration
Stlth   ++           (no ring)
HPRegen 0.29/turn    (no ring)
MPRegen 0.55/turn

%: no passive effects
@: spiked
A: sickness immunity, AC +6, negative energy resistance 1, electricity
resistance, torment resistance 1, petrification resistance
a: no special abilities


You were on level 8 of the Dungeon.
You visited 2 branches of the dungeon, and saw 9 of its levels.
You also visited: Sewer.

You collected 344 gold pieces.

Inventory:

Hand Weapons
 h - a +2 heavy trident
 z - a +0 halberd
 B - the +0 morningstar "Iperur" (weapon) {freeze, ^Fragile rElec rC+ Int+9}
   (You took it off a hobgoblin on level 4 of the Dungeon)

   Int+9:     It affects your intelligence (+9).
   rC+:       It protects you from cold.
   rElec:     It insulates you from electricity.
   ^Fragile:  It will be destroyed if unequipped.
 I - the +6 hand axe "Aliadapi" {venom, Int+5}
   (You found it on level 5 of the Dungeon)

   Int+5:     It affects your intelligence (+5).
 M - a +2 heavy war axe
Missiles
 f - 15 boomerangs
 t - 13 poisoned darts (quivered)
 y - 3 throwing nets
Armour
 a - a +0 robe
 o - a +0 cloak (worn)
 w - a +0 chain mail
 H - a +0 leather armour of cold resistance (worn)
Jewellery
 e - an amulet of magic regeneration (around neck)
Wands
 E - a wand of mindburst (9)
Scrolls
 c - a scroll of amnesia {unknown}
 k - 3 scrolls of immolation {unknown}
 l - a scroll of silence {unknown}
 n - a scroll of blinking {unknown}
 r - a scroll of enchant armour {unknown}
 s - 2 scrolls of revelation {unknown}
 u - 3 scrolls of teleportation {unknown}
 A - 4 scrolls of enchant weapon {unknown}
 J - a scroll of brand weapon {unknown}
Potions
 b - a potion of magic
 d - 2 potions of resistance
 g - 2 potions of haste
 j - a potion of lignification
 m - 3 potions of heal wounds
 p - a potion of ambrosia
 q - 3 potions of curing
 v - 2 potions of attraction {unknown}
 x - 2 potions of mutation {unknown}
 C - a potion of cancellation {unknown}
 D - a potion of berserk rage {unknown}
 F - 3 potions of might {unknown}
 G - 3 potions of invisibility {unknown}
 K - a potion of brilliance {unknown}
 L - a potion of enlightenment {unknown}


   Skills:
 - Level 5.6 Fighting
 - Level 0.6 Polearms
 - Level 1.5 Dodging
 - Level 2.1 Stealth
 + Level 5.7 Spellcasting
 + Level 7.5 Summonings
 + Level 4.9 Fire Magic


You had 9 spell levels left.
You knew the following spells:

 Your Spells              Type           Power      Damage    Failure   Level
a - Summon Small Mammal   Summ           100%       N/A       1%          1
c - Call Canine Familiar  Summ           50%        N/A       1%          3
i - Call Imp              Summ           100%       N/A       1%          2
u - Summon Blazeheart Go  Fire/Summ      43%        N/A       6%          4

Your spell library contained the following spells:

 Spells                   Type           Power      Damage    Failure   Level
 Apportation              Tloc           14%        N/A       8%          1
 Necrotise                Necr           28%        1d5       8%          1
 Sting                    Conj/Alch      28%        1d4       8%          1
 Summon Lightning Spire   Summ/Air       29%        N/A       17%         4
 Gell's Gravitas          Tloc           7%         N/A       24%         3
 Teleport Other           Tloc           7%         N/A       24%         3
 Dispersal                Tloc           3%         N/A       100%        6


Dungeon Overview and Level Annotations

Branches:
Dungeon (8/15)             Temple (1/1) D:5           Sewer (visited)
   Lair: D:8-11

Altars:
Ashenzari
Cheibriados
Dithmenos
Elyvilon
Fedhas
Hepliaklqana
Makhleb
Nemelex Xobeh
Okawaru
Qazlal
Ru
Uskayaw
Vehumet
Xom
Yredelemnul
Zin
The Shining One


Innate Abilities, Weirdness & Mutations

You are immune to sickness and miasma.
Your stone body is resilient. (AC +6)
You are immune to poison.
You resist negative energy. (rN+)
You are resistant to electric shocks. (rElec)
You are resistant to unholy torment.
You are immune to petrification.


Message History

Unknown command.
Unknown command.
Unknown command.
An orc warrior opens the door.
Found 14 gold pieces.
A black bear and a kobold brigand come into view.
The kobold brigand is wielding a +0 short sword and quivering curare-tipped darts.
Casting: Summon Blazeheart Golem (dangerous; 6% risk of failure)
Confirm with . or Enter, or press ? or * to list all spells.
A fiery spirit appears, bound in slag iron.
The black bear growls angrily.
A howler monkey opens the door.
A water moccasin comes into view.
A bullfrog comes into view.
A wight comes into view.
It is wielding a +3 trident of freezing.
A deep elf pyromancer comes into view. It is wielding a +0 long sword.
Found a short sword.
Unknown command.
Unknown command.
Unknown command.
You swap places.
The water moccasin bites you but does no damage.
A manticore comes into view.
The bullfrog misses you.
Your blazeheart golem punches the water moccasin!
You hear a shout!
Unknown command.
Unknown command.
The bullfrog hits your blazeheart golem.
Unknown command.
Unknown command.
Casting: Summon Blazeheart Golem (dangerous; 6% risk of failure)
Confirm with . or Enter, or press ? or * to list all spells.
A fiery spirit appears, bound in slag iron.
Your blazeheart golem's core grows cold and it stops moving.
Your blazeheart golem disappears in a puff of smoke!
The water moccasin barely misses you.
Something unseen opens the door.
The manticore flicks its tail.
The volley of spikes skewers you!!
The barbed spikes become lodged in your body.
You die...

...#. ..... . ### ... ..
).# ... ... ..##.# ....
hz#.# k ..#.......##
'#.#'K# .#
.....#.^...###h..###....
.....#......@SF8........
...........###9..###....
.......H.. '#°#{.# ..
.........# eh#.#...#
.........# .K##.##...#
......><.#$.##...##.(#
.........####.....####
.#....................
#............#.####...


You could see a manticore, a kobold demonologist (wandering), a water moccasin
(ally target), a wyvern (wandering), a bullfrog, a howler monkey and a friendly
blazeheart golem (summoned).

Vanquished Creatures
  A hornet (D:7)
  A wyvern (D:8)
  An ice beast (D:6)
  An ogre (D:5)
  2 centaurs
  3 phantoms
  A bullfrog (D:7)
  A scorpion (D:6)
  A hound (D:6)
  An orc priest (D:5)
  A jelly (D:5)
  An iguana (D:4)
  4 orc wizards
  A river rat (Sewer)
  4 adders
  A ribbon worm (D:5)
  2 dart slugs
  6 orcs
  7 ball pythons
  4 endoplasms
  3 giant cockroaches
  4 goblins (D:3)
  4 hobgoblins
  3 jackals
  3 quokkas
  8 bats
  2 frilled lizards
  9 kobolds
  5 rats
85 creatures vanquished.

Vanquished Creatures (collateral kills)
  An ogre (D:5)
  A centaur (D:7)
  A bullfrog (D:6)
  5 orc priests
  A hound (D:3)
  An orc wizard (D:5)
  Robin (D:3)
  8 gnolls
  An adder (D:5)
  6 river rats (Sewer)
  2 shadow imps
  A white imp (D:5)
  2 ufetubi (D:4)
  A ribbon worm (D:5)
  2 dart slugs
  15 orcs
  12 ball pythons
  3 endoplasms
  6 goblins
  2 hobgoblins
  3 jackals
  4 frilled lizards
  14 kobolds
  20 rats
113 creatures vanquished.

Vanquished Creatures (others)
  4 blazeheart cores
4 creatures vanquished.

Grand Total: 202 creatures vanquished

Notes
Turn   | Place    | Note
-------+----------+-------------------------------------------
     0 | D:1      | Daunt the Gargoyle Summoner began the quest for the Orb.
     0 | D:1      | Reached XP level 1. HP: 10/10 MP: 3/3
   164 | D:1      | Reached skill level 4 in Summonings
   164 | D:1      | Reached XP level 2. HP: 11/15 MP: 5/5
   167 | D:1      | Learned a level 2 spell: Call Imp
   446 | D:1      | Reached XP level 3. HP: 16/19 MP: 3/6
  1247 | D:2      | Reached skill level 5 in Summonings
  1247 | D:2      | Reached XP level 4. HP: 24/24 MP: 5/7
  1293 | D:2      | Found a glowing golden altar of the Shining One.
  1387 | D:2      | Learned a level 3 spell: Call Canine Familiar
  1651 | D:3      | Reached XP level 5. HP: 21/28 MP: 6/8
  2235 | D:3      | Noticed Robin
  2251 | D:3      | Killed Robin
  2381 | D:4      | Reached skill level 6 in Summonings
  2510 | D:4      | Found a broken altar of Ashenzari.
  2613 | D:4      | Reached XP level 6. HP: 26/33 MP: 4/9
  2711 | D:4      | Reached skill level 1 in Fighting
  2784 | D:4      | Identified the +0 morningstar "Iperur" {freeze, ^Fragile
                  | rElec rC+ Int+9}
  3403 | D:5      | Entered Level 5 of the Dungeon
  3469 | D:5      | Reached XP level 7. HP: 31/41 MP: 1/12
  3538 | D:5      | Found a staircase to the Ecumenical Temple.
  3561 | Temple   | Entered the Ecumenical Temple
  3598 | D:5      | Found a glowing drain.
  3691 | Sewer    | Entered a sewer
  3772 | Sewer    | Reached skill level 5 in Fighting
  4139 | D:5      | Reached XP level 8. HP: 49/50 MP: 7/14
  4140 | D:5      | Identified the +6 hand axe "Aliadapi" {venom, Int+5}
  4335 | D:6      | Reached skill level 1 in Fire Magic
  4770 | D:7      | Reached skill level 5 in Spellcasting
  4782 | D:7      | Learned a level 4 spell: Summon Blazeheart Golem
  4800 | D:7      | Reached skill level 7 in Summonings
  4836 | D:7      | Found a shadowy altar of Dithmenos.
  4908 | D:7      | Noticed a hornet
  4916 | D:7      | Killed a hornet
  4917 | D:7      | Reached XP level 9. HP: 16/54 MP: 11/17
  5345 | D:8      | Noticed a deep elf pyromancer
  5346 | D:8      | Noticed a manticore
  5348 | D:8      | Killed from afar by a manticore

Illustrated notes

Levels and vault maps discovered:
D:1:      sevenhm_arrival_forest_fort_small_3, layout_loops_ring
D:2:      layout_basic, basic_altar
D:3:      layout_loops_ring, uniq_robin
D:4:      layout_loops_corners, mainiacjoe_overflow_six_doors_small,
          serial_bayou, serial_bayou_pond_c, serial_bayou_shore_b,
          serial_bayou_lake_a, serial_bayou_shore_a, serial_bayou_crossing,
          serial_bayou_shore_b
D:5:      layout_cave_pools, temple_green, cheibrodos_sewer_entry_sluice
D:6:      layout_loops_cross
D:7:      layout_rooms, grunt_dithmenos_shadows
D:8:      cheibrodos_barr_body, layout_cave_pools, kennysheep_mini_moat,
          mainiacjoe_overflow_concentric_impassable, trog_wizard,
          mainiacjoe_overflow_catwalk, uniq_joseph
Temple:   eino_temple_lava

Skill      XL: |  1  2  3  4  5  6  7  8 |
---------------+-------------------------+-----
Summonings     | 4 5 6 7 |  7.5
Fighting       | 3 5 |  5.6
Spellcasting   | 3 4 5 |  5.7
Fire Magic     | 4 |  4.9
Polearms       | |  0.6
Dodging        | |  1.5
Stealth        | |  2.1

Action                     |  1- 3 |  4- 6 |  7- 9 || total
---------------------------+-------+-------+-------++-------
  Melee: Short sword       |    14 |       |       ||    14
         Unarmed           |     3 |       |       ||     3
         Spear             |   109 |   107 |       ||   216
         Halberd           |       |    15 |       ||    15
         Punch             |       |     1 |     1 ||     2
         Morningstar       |       |    10 |   122 ||   132
   Fire: Sling             |     6 |       |       ||     6
  Throw: Dart              |       |       |     1 ||     1
   Cast: Summon Small Mamm |     5 |     6 |     8 ||    19
         Call Imp          |     8 |    12 |    18 ||    38
         Call Canine Famil |       |     7 |    16 ||    23
         Summon Blazeheart |       |       |     7 ||     7
    Use: Scroll            |       |       |     6 ||     6
   Stab: Sleeping          |     4 |     3 |       ||     7
         Distracted        |       |       |     2 ||     2
 Armour: Robe              |    80 |    84 |    54 ||   218
         Leather armour    |       |       |    81 ||    81
  Dodge: Dodged            |    68 |    85 |    97 ||   250
